 Dungeon Sprint DCSS version 0.23-a0-586-gacb4b3f (webtiles) character file.

430 JosiahThimblerig the Fighter (level 6, -14/63 HPs)
             Began as a Hill Orc Fighter on Dec 18, 2018.
             Was an Initiate of Vehumet.
             Shot with an arrow by a centaur warrior (26 damage)
             ... in the Dungeon (Sprint I: "Red Sonja").
             The game lasted 00:04:05 (469 turns).

JosiahThimblerig the Fighter (Hill Orc Fighter)      Turns: 469, Time: 00:04:05

Health: -14/63     AC:  8    Str: 19    XL:     6   Next: 99%
Magic:  6/6        EV:  9    Int: 10    God:    Vehumet [......]
Gold:   272        SH: 11    Dex: 10    Spells: 5/5 levels left

rFire    . . .     SeeInvis .   q - +0 hunting sling
rCold    . . .     Gourm    .   c - +0 shield
rNeg     . . .     Faith    .   b - +0 scale mail
rPois    .         Spirit   .   (no helmet)
rElec    .         Reflect  .   (no cloak)
rCorr    .         Harm     .   (no gloves)
MR       .....     NoTele   +   (no boots)
Stlth    ..........             (no amulet)
HPRegen  0.20/turn              (no ring)
MPRegen  0.10/turn              (no ring)

@: no status effects
A: no striking features
a: Renounce Religion


You were in the Dungeon.
You worshipped Vehumet.
Vehumet was noncommittal.
You were not hungry.

You visited 1 branch You collected 306 gold pieces.
You spent 34 gold pieces at shops.

Inventory:

Hand Weapons
 a - a +0 war axe
 d - a +0 scythe
 m - a +0 dagger
 p - a +0 giant club
 q - a +0 hunting sling (weapon)
Missiles
 r - 11 stones (quivered)
Armour
 b - a +0 scale mail (worn)
 c - a +0 shield (worn)
 n - a +0 leather armour
 o - a +0 robe
Scrolls
 k - 2 scrolls of blinking
Potions
 e - a potion of curing
 g - a potion of heal wounds
 h - a potion of haste
 i - 2 potions of magic
 j - a potion of berserk rage
 l - a potion of flight {unknown}
Comestibles
 f - 2 rations


   Skills:
 + Level 9.1 Fighting
 + Level 9.0 Axes
 + Level 8.9 Armour
 + Level 1.9 Dodging
 + Level 8.6 Shields


You had 5 spell levels left.
You didn't know any spells.
Your spell library was empty.

Dungeon Overview and Level Annotations

Branches:
Dungeon (1/1)

Altars:
Cheibriados
Dithmenos
Elyvilon
Fedhas
Gozag
Hepliaklqana
Kikubaaqudgha
Nemelex Xobeh
Okawaru
Qazlal
Ru
Sif Muna
Trog
Uskayaw
Vehumet
Wu Jian
Yredelemnul
Zin
The Shining One

Shops:
D (


Message History

Aim: a centaur warrior (lightly wounded)
You shoot a stone. The centaur warrior shouts!
The stone hits the centaur warrior but does no damage.
The centaur warrior is lightly wounded.
You hear a splash.
The centaur warrior wields a +0 shortbow.
The centaur warrior shoots an arrow.
You block the arrow.
The centaur warrior wields a cursed +0 longbow.
The centaur warrior shoots an arrow.
The arrow hits you!
The centaur warrior shoots an arrow.
The arrow hits you!!
Firing (i - inventory)
r - 12 stones (quivered)
Press: ? - help, Shift-Dir - straight line, f/p - centaur warrior
Aim: a centaur warrior, wielding a +0 shortbow (lightly wounded)
You shoot a stone.
The stone barely misses the centaur warrior.
The centaur warrior shoots an arrow.
The arrow hits you!
* * * LOW HITPOINT WARNING * * *
The centaur warrior shoots an arrow.
The arrow hits you!!
You die...

################
#<.#..'..#..'..#
#..'÷.#..'..#§.+
#..#####'#####§#
#..####..#...#.####§§#
#..#__####..##.#≈§c§c#
#..#_____##'#_.@§c§..+
#⌠⌠#_.∩...'...§#§≈§..#
####_..__##_.#'##+####
#_____###+#.# #######
###


You could see 2 centaur warriors.

Vanquished Creatures
  Sigmund (D)
  A yak (D)
  An ogre (D)
  A jelly (D)
  Ijyb (D)
5 creatures vanquished.

Notes
Turn   | Place    | Note
-------+----------+-------------------------------------------
     0 | D        | JosiahThimblerig the Hill Orc Fighter began the quest for
                  | the Orb.
     0 | D        | Reached XP level 1. HP: 19/19 MP: 1/1
     2 | D        | Noticed Ijyb
    17 | D        | Killed Ijyb
    17 | D        | Reached skill level 5 in Fighting
    17 | D        | Reached XP level 2. HP: 21/29 MP: 2/2
    97 | D        | Noticed an ogre
   104 | D        | Killed an ogre
   104 | D        | Reached skill level 5 in Axes
   104 | D        | Reached XP level 3. HP: 17/38 MP: 3/3
   104 | D        | Reached XP level 4. HP: 20/45 MP: 4/4
   269 | D        | Noticed Sigmund
   275 | D        | Killed Sigmund
   275 | D        | Reached skill level 1 in Dodging
   275 | D        | Reached XP level 5. HP: 34/55 MP: 5/5
   275 | D        | Reached XP level 6. HP: 38/62 MP: 6/6
   403 | D        | Found a deep blue altar of Sif Muna.
   404 | D        | Found an ornate altar of the Wu Jian Council.
   405 | D        | Found a radiant altar of Vehumet.
   417 | D        | Became a worshipper of Vehumet
   442 | D        | Found Cumoc's Weapon Emporium.
   442 | D        | Found an ancient bone altar of Kikubaaqudgha.
   442 | D        | Found a hazy altar of Hepliaklqana.
   442 | D        | Found a stormy altar of Qazlal.
   442 | D        | Found a hide-covered altar of Uskayaw.
   442 | D        | Found a blossoming altar of Fedhas.
   442 | D        | Found a bloodstained altar of Trog.
   442 | D        | Found an iron altar of Okawaru.
   442 | D        | Found a basalt altar of Yredelemnul.
   442 | D        | Found a glowing golden altar of the Shining One.
   442 | D        | Found a snail-covered altar of Cheibriados.
   442 | D        | Found a sacrificial altar of Ru.
   442 | D        | Found a glowing silver altar of Zin.
   442 | D        | Found a shadowy altar of Dithmenos.
   442 | D        | Found a white marble altar of Elyvilon.
   442 | D        | Noticed a yak
   448 | D        | Killed a yak
   449 | D        | Found an opulent altar of Gozag.
   450 | D        | Found a sparkling altar of Nemelex Xobeh.
   454 | D        | Bought a +0 hunting sling for 18 gold pieces
   454 | D        | Bought 14 stones for 16 gold pieces
   466 | D        | Noticed a centaur warrior
   467 | D        | Noticed a centaur warrior
   469 | D        | Shot with an arrow by a centaur warrior

Vault maps used:
D:        dungeon_sprint_1

Skill      XL: |  1  2  3  4  5  6 |
---------------+-------------------+-----
Fighting       | 5 6 8 9 |  9.1
Axes           | 3 5 7 9 |  9.0
Armour         | 4 6 7 8 |  8.9
Shields        | 4 6 7 8 |  8.6
Dodging        | 1 |  1.9

Action                   |  1- 3 |  4- 6 || total
-------------------------+-------+-------++-------
Melee: War axe           |    22 |    12 ||    34
 Fire: Hunting sling     |       |     3 ||     3
  Use: Potion            |       |     1 ||     1
Armor: Scale mail        |     5 |       ||     5
Dodge: Dodged            |     6 |     2 ||     8
Block: Shield            |     8 |     7 ||    15

Table legend:
 A = Non-vault XP
 B = Vault XP
 C = Vault XP percentage of total XP
 D = Non-vault monster count
 E = Vault monster count
 F = Vault count percentage of total count
                 A         B        C        D         E       F
            +---------+---------+-------+---------+---------+-------
      Total |       0 |     615 | 100.0 |       0 |       5 | 100.0
            +---------+---------+-------+---------+---------+-------
          D |       0 |     615 | 100.0 |       0 |       5 | 100.0
            +---------+---------+-------+---------+---------+-------
